 Dungeon Crawl Stone Soup version 0.29-a0-319-gad05b8d819 (webtiles) character file.

Game seed: 8768435715410802036

147 avis the Ruffian (level 4, 0/54 HPs)
             Began as a Demigod Transmuter on Apr 2, 2022.
             Slain by a giant cockroach (2 damage)
             ... on level 3 of the Dungeon.
             The game lasted 00:17:08 (3041 turns).

avis the Ruffian (Demigod Transmuter)               Turns: 3041, Time: 00:17:08

Health: 0/54       AC: 22    Str: 15    XL:     4   Next: 80%
Magic:  4/9        EV:  2    Int: 15    God:
Gold:   197        SH:  0    Dex: 14    Spells: 3/7 levels left

rFire   . . .      SeeInvis .     - Unarmed
rCold   . . .      Faith    .   (no shield)
rNeg    . . .      Spirit   .   (body armour currently unavailable)
rPois   +          Reflect  .   (helmet currently unavailable)
rElec   .          Harm     .   (cloak currently unavailable)
rCorr   .          Rampage  .   (gloves currently unavailable)
Will    .....      NoTele   +   (boots currently unavailable)
Stlth   ++........              (no amulet)
HPRegen 0.18/turn               (no ring)
MPRegen 0.11/turn               (no ring)

@: tree-form
A: stationary, stasis, torment immunity, boosted hp, high MP 1, forlorn, divine
attributes
a: no special abilities


You were on level 3 of the Dungeon.
You were a tree.
You visited 1 branch of the dungeon, and saw 3 of its levels.

You collected 197 gold pieces.

Inventory:

Hand Weapons
 l - a +2 halberd of flaming
Missiles
 g - 9 poisoned darts
 j - 80 stones
Armour
 a - a +0 robe (melded)
 f - a +0 tower shield
 i - a +0 chain mail
 t - a +0 buckler
Jewellery
 d - a +6 ring of dexterity
 n - a +4 ring of evasion
 p - an amulet of magic regeneration
Scrolls
 c - 4 scrolls of teleportation {unknown}
 e - 3 scrolls of identify {unknown}
 m - 3 scrolls of fog {unknown}
 o - a scroll of summoning {unknown}
 q - a scroll of enchant armour {unknown}
 r - 2 scrolls of torment {unknown}
Potions
 b - a potion of lignification
 h - a potion of heal wounds {unknown}
 k - a potion of haste {unknown}
 s - a potion of invisibility {unknown}


   Skills:
 - Level 2.0 Fighting
 - Level 2.0 Dodging
 - Level 2.0 Stealth
 * Level 3.4 Unarmed Combat
 - Level 2.0 Spellcasting
 - Level 2.0 Transmutations
 - Level 2.0 Poison Magic


You had 3 spell levels left.
You knew the following spells:

 Your Spells              Type           Power      Damage    Failure   Level
a - Beastly Appendage     Tmut           14%        N/A       10%         1
p - Spider Form           Tmut/Pois      7%         N/A       28%         3

Your spell library contained the following spells:

 Spells                   Type           Power      Damage    Failure   Level
 Wereblood                Tmut           7%         N/A       14%         2
 Animate Skeleton         Necr           2%         N/A       22%         1
 Apportation              Tloc           2%         N/A       22%         1
 Freeze                   Ice            4%         1d3       22%         1
 Summon Small Mammal      Summ           4%         N/A       22%         1
 Scorch                   Fire           2%         2d5       32%         2
 Ignite Poison            Fire/Tmut/Pois 5%         N/A       36%         3
 Conjure Flame            Conj/Fire      1%         6-21      54%         3
 Frozen Ramparts          Ice            2%         1d2       54%         3
 Ice Form                 Ice/Tmut       4%         N/A       82%         4
 Flame Wave               Conj/Fire      1%         2d4       91%         4
 Hailstorm                Conj/Ice       1%         3d3       91%         4
 Sticky Flame             Conj/Fire      1%         2d3       91%         4
 Summon Cactus Giant      Summ           0%         N/A       100%        6


Dungeon Overview and Level Annotations

Branches:
Dungeon (3/15)

Portals:
Sewer: D:3

Annotations:
D:3 1 runed translucent door, Grinder


Innate Abilities, Weirdness & Mutations

You are a tree.
Your roots penetrate the ground, keeping you stationary.
You cannot be teleported.
You are immune to unholy pain and torment.
Your maximum health is greatly increased.
Your equipment is partially melded.
You have an increased reservoir of magic. (+10% MP)
You shall have no god before yourself.
Your divine heritage dramatically boosts your attributes as you level up.


Message History

You kill the adder!
The adder attacks as you move away! The adder closely misses you.
You feel sick.
You feel sick.
Casting: Spider Form (quite dangerous; 28% risk of failure)
Confirm with . or Enter, or press ? or * to list all spells.
The spell is quite dangerous to miscast (28% risk of failure)!
Continue anyway?
You turn into a venomous arachnid creature.
Your +0 robe melds into your body.
You feel sick.
You are no longer poisoned.
The adder completely misses you.
You closely miss the adder. The adder completely misses you.
The adder barely misses you.
You hit the adder.
The adder is severely wounded.
The adder completely misses you. The adder bites you.
* * * LOW HITPOINT WARNING * * *
The adder misses you.
You hit the adder but do no damage.
The adder is poisoned.
The adder is severely wounded.
The adder bites you.
* * * LOW HITPOINT WARNING * * *
The adder completely misses you.
You hit the adder but do no damage.
The adder is poisoned.
The adder closely misses you. The adder misses you.
You bite the adder!
You kill the adder!
Your transformation is almost over.
The adder misses you.
You barely miss the adder. The adder barely misses you.
The giant cockroach closely misses you. The adder closely misses you.
Really quaff the potion of lignification?
Your transformation has ended.
Your +0 robe unmelds from your body.
You turn into a tree.
Your +0 robe melds into your body.
Your roots penetrate the ground.
The giant cockroach bites you.
* * * LOW HITPOINT WARNING * * *
The adder bites you but does no damage.
You barely miss the adder. The giant cockroach bites you.
You die...

# # ## # .. # #. # #. #
#. ###.## #....##
#.##♣S# #.###B####..
#..S.5B...#
#######...##+#..#
#####.......†B#≈≈≈..#
###..........†..#≈≈≈..#
....########.#...≈∩≈..#
##### #.##..#≈≈≈..# #.#
#..#≈≈≈..#


You could see Grinder, an adder (very poisoned) and 2 giant cockroaches.

Vanquished Creatures
  4 gnolls
  6 adders
  A worm (D:3)
  A dart slug (D:1)
  A ball python (D:1)
  5 endoplasms
  A giant cockroach (D:3)
  6 hobgoblins
  6 quokkas
  2 bats (D:2)
  7 frilled lizards
  3 goblins
  6 kobolds
  3 rats (D:1)
52 creatures vanquished.

Vanquished Creatures (others)
  6 fungi (D:2)
  5 plants (D:2)
11 creatures vanquished.

Grand Total: 63 creatures vanquished

Notes
Turn   | Place    | Note
-------+----------+-------------------------------------------
     0 | D:1      | avis the Demigod Transmuter began the quest for the Orb.
     0 | D:1      | Reached XP level 1. HP: 15/15 MP: 5/5
    39 | D:1      | Reached skill level 1 in Fighting
   319 | D:1      | Reached skill level 1 in Stealth
   415 | D:1      | Reached XP level 2. HP: 20/23 MP: 5/7
   678 | D:1      | Reached skill level 3 in Unarmed Combat
   981 | D:1      | Reached XP level 3. HP: 27/29 MP: 6/8
  1008 | D:1      | Learned a level 3 spell: Spider Form
  1346 | D:2      | Reached skill level 1 in Poison Magic
  1778 | D:2      | Reached XP level 4. HP: 36/36 MP: 7/9
  2767 | D:3      | Found a runed translucent door.
  3011 | D:3      | Found a glowing drain.
  3013 | D:3      | Noticed Grinder
  3040 | D:3      | HP: 2/54 [giant cockroach (2)]
  3041 | D:3      | Slain by a giant cockroach

Illustrated notes

Levels and vault maps discovered:
D:1:      dpeg_arrival_pits, layout_basic
D:2:      layout_loops_ring, dreamdust_ecumenical_altar_grove
D:3:      due_chaos_kobolds, layout_loops_ring, gup_sewer_entry_glass,
          uniq_crazy_yiuf_cottage, uniq_grinder

Skill      XL: |  1  2  3  4 |
---------------+-------------+-----
Fighting       | 1 2 |  2.0
Stealth        | 1 2 |  2.0
Unarmed Combat | 3 |  3.4
Dodging        | 2 |  2.0
Transmutations | 2 |  2.0
Poison Magic   | 1 2 |  2.0
Spellcasting   | 2 |  2.0

Action                   |  1- 3 |  4- 6 || total
-------------------------+-------+-------++-------
Melee: Unarmed           |    89 |    62 ||   151
       Headbutt          |     9 |    11 ||    20
       Kick              |    23 |    10 ||    33
       Punch             |     1 |       ||     1
 Cast: Beastly Appendage |    24 |    11 ||    35
       Spider Form       |       |     6 ||     6
  Use: Potion            |       |     1 ||     1
 Stab: Sleeping          |     2 |     2 ||     4
       Distracted        |     1 |       ||     1
Armor: Robe              |     7 |     5 ||    12
       Skin              |       |     2 ||     2
Dodge: Dodged            |    49 |    43 ||    92

Table legend: (Time is in decaauts)
 A = Elapsed time spent in this place.
 B = Non-inter-level travel time spent in this place.
 C = Inter-level travel time spent in this place.
 D = Time resting spent in this place.
 E = Time spent auto-exploring this place.
 F = Levels seen in this place.
 G = Mean time per level.
                   A        B        C        D        E       F      G
               +--------+--------+--------+--------+--------+-----+--------+
         Total |   3039 |   2743 |    296 |    789 |   1098 |   3 | 1013.0 |
       Dungeon |   3039 |   2743 |    296 |    789 |   1098 |   3 | 1013.0 |
               +--------+--------+--------+--------+--------+-----+--------+

Top non-repeatable levels by time:
     D:2: 1293 daAuts
     D:1: 1284 daAuts
     D:3: 461 daAuts
